 Dungeon Crawl Stone Soup version 0.26-a0-64-g059e62fbdb (webtiles) character file.

Game seed: 14795159752439359444

33 MalarOregon the Digger (level 3, -2/28 HPs)
             Began as a Draconian Earth Elementalist on June 11, 2020.
             Slain by a scorpion (5 damage)
             ... on level 3 of the Dungeon.
             The game lasted 00:02:17 (1845 turns).

MalarOregon the Digger (DrEE)                       Turns: 1845, Time: 00:02:18

Health: -2/28      AC:  5    Str: 10    XL:     3   Next: 12%
Magic:  1/6        EV: 12    Int: 16    God:
Gold:   193        SH:  0    Dex: 11    Spells: 5/6 levels left

rFire    . . .     SeeInvis .   g - +0 mace
rCold    . . .     Gourm    .   (no shield)
rNeg     . . .     Faith    .   (armour unavailable)
rPois    .         Spirit   .   (helmet restricted)
rElec    .         Reflect  .   (no cloak)
rCorr    .         Harm     .   (no gloves)
MR       .....                  (no boots)
Stlth    ++........             (no amulet)
HPRegen  0.09/turn              (no ring)
MPRegen  0.10/turn              (no ring)

@: stab
A: unfitting armour, cold-blooded, AC +5
a: no special abilities


You were on level 3 of the Dungeon.
You were not hungry.

You visited 1 branch of the dungeon, and saw 3 of its levels.

You collected 193 gold pieces.

Inventory:

Hand Weapons
 g - a +0 mace (weapon)
   (You found it on level 1 of the Dungeon)
Missiles
 b - 51 stones (quivered)
Scrolls
 c - a scroll of fog {unknown}
 h - a scroll of blinking {unknown}
 i - a scroll of teleportation {unknown}
 l - a scroll of magic mapping {unknown}
 m - a scroll of identify {unknown}
 o - a scroll of amnesia {unknown}
Potions
 a - a potion of degeneration {unknown}
 f - a potion of brilliance {unknown}
 n - a potion of mutation {unknown}
Comestibles
 e - 7 rations {!d}
 k - 3 chunks of flesh


   Skills:
 + Level 1.2 Fighting
 + Level 0.7 Maces & Flails
 + Level 2.1 Dodging
 - Level 1.7 Stealth
 + Level 2.3 Spellcasting
   Level 1.0 Transmutations
 + Level 3.2 Earth Magic


You had 5 spell levels left.
You knew the following spells:

 Your Spells              Type           Power        Failure   Level  Hunger
a - Sandblast             Erth           ##....       5%          1    #......

Your spell library contained the following spells:

 Spells                   Type           Power        Failure   Level  Hunger
 Passwall                 Tmut/Erth      #.......     13%         2    ###....
 Stone Arrow              Conj/Erth      #.....       30%         3    ###....
 Petrify                  Tmut/Erth      #.......     63%         4    #####..
 Lee's Rapid Deconstruct  Erth           ##........   82%         5    ######.


Dungeon Overview and Level Annotations

Branches:
Dungeon (3/15)

Altars:


Innate Abilities, Weirdness & Mutations

Your plain brown scales are hard. (AC +5)
You cannot fit into any form of body armour.
You are cold-blooded and may be slowed by cold attacks.


Message History

b - 56 stones
Aim: a scorpion (moderately wounded)
The blast of sand hits the scorpion but does no damage.
b - 55 stones The scorpion stings you but does no damage.
Aim: a scorpion (moderately wounded)
The blast of sand hits the scorpion but does no damage.
b - 54 stones The scorpion stings you.
You are poisoned.
The scorpion poisons you!
You completely miss the scorpion.
You feel sick. The scorpion completely misses you.
Aim: a scorpion (moderately wounded)
The blast of sand misses the scorpion.
b - 53 stones You feel sick.
The scorpion misses you.
Aim: a scorpion (moderately wounded)
The blast of sand misses the scorpion.
b - 52 stones You feel sick.
The scorpion stings you.
You feel sick.
You feel sick.
Aim: a scorpion (moderately wounded)
The blast of sand misses the scorpion.
b - 51 stones You feel sick.
The scorpion stings you but does no damage.
You closely miss the scorpion. The scorpion stings you. x2
It was a potion of curing.
You feel better.
The scorpion stings you but does no damage.
You hit the scorpion.
The scorpion stings you but does no damage.
You closely miss the scorpion. The scorpion misses you.
The scorpion stings you.
You are poisoned.
The scorpion poisons you!
You feel better. The scorpion stings you!
You are poisoned.
The scorpion poisons you!
You barely miss the scorpion.
You feel sick. The scorpion stings you!
* * * LOW HITPOINT WARNING * * *
You are more poisoned.
The scorpion poisons you!
You feel better. The scorpion stings you!
* * * LOW HITPOINT WARNING * * *
It was a potion of stabbing.
You feel ready to backstab. The scorpion stings you.
You die...

#...........#
####..#.#......
#
#...#.#.#####.#
#..##.#.#.###.#
#.............#
##.##.#.####..#
#.##.........#
#...)#.>..#.##
####.####@# #
#.....#s#.####
#..##..........
#.........#####
. #.....#.###
....##.#.#.#.#
.?.....(.#.#.#
.....#%###.#.#
... #. ..#.#


You could see a scorpion.

Vanquished Creatures
  An adder (D:2)
  A worm (D:3)
  A dart slug (D:3)
  5 giant cockroaches
  2 goblins
  2 hobgoblins
  A bat (D:3)
  3 kobolds
  3 rats
19 creatures vanquished.

Notes
Turn   | Place    | Note
-------+----------+-------------------------------------------
     0 | D:1      | MalarOregon the Draconian Earth Elementalist began the
                  | quest for the Orb.
     0 | D:1      | Reached XP level 1. HP: 14/14 MP: 3/3
   872 | D:1      | Reached XP level 2. HP: 22/22 MP: 3/5
  1422 | D:2      | Reached skill level 1 in Fighting
  1708 | D:3      | Reached XP level 3. HP: 28/28 MP: 4/6
  1820 | D:3      | Noticed a scorpion
  1845 | D:3      | Slain by a scorpion

Illustrated notes

Levels and vault maps discovered:
D:1:      dpeg_arrival_rooms_with_view, layout_loops_ring, minmay_door_square
D:2:      layout_loops_corners, first_ration
D:3:      layout_basic, lemuel_round_altar, minmay_close_crescents

Skill      XL: |  1  2 |
---------------+-------+-----
Dodging        | 2 |  2.1
Fighting       | 1 |  1.2
Maces & Flails | |  0.7
Stealth        | |  1.7
Spellcasting   | |  2.3
Transmutations | |  1.0
Earth Magic    | |  3.2

Action                   || total
-------------------------++-------
Melee: Unarmed           ||    27
       Tailslap          ||     5
       Mace              ||    24
 Cast: Sandblast         ||    27
  Use: Potion            ||     4
  Eat: Chunk             ||     3
Armor: Skin              ||    14
Dodge: Dodged            ||    34

Table legend:
 A = Non-vault XP
 B = Vault XP
 C = Vault XP percentage of total XP
 D = Non-vault monster count
 E = Vault monster count
 F = Vault count percentage of total count
                 A         B        C        D         E       F
            +---------+---------+-------+---------+---------+-------
      Total |      44 |       4 |   8.3 |      17 |       2 |  10.5
            +---------+---------+-------+---------+---------+-------
        D:1 |       8 |       4 |  33.3 |       5 |       2 |  28.6
        D:2 |      25 |       0 |   0.0 |       8 |       0 |   0.0
        D:3 |      11 |       0 |   0.0 |       4 |       0 |   0.0
            +---------+---------+-------+---------+---------+-------
